 Dungeon Crawl Stone Soup version 0.26-a0-771-g060e6a62af (webtiles) character file.

Game seed: 7011197960162131557

705 Peloso the Slasher (level 7, 0/60 HPs)
             Began as a Minotaur Fighter on Nov 8, 2020.
             Succumbed to a gnoll's poison
             ... on level 5 of the Dungeon.
             The game lasted 00:11:23 (2956 turns).

Peloso the Slasher (Minotaur Fighter)               Turns: 2956, Time: 00:11:24

Health: 0/60       AC: 15    Str: 21    XL:     7   Next: 39%
Magic:  6/6        EV:  6    Int:  5    God:
Gold:   161        SH: 10    Dex: 11    Spells: 6/6 levels left

rFire    . . .     SeeInvis .   a - +1 long sword
rCold    . . .     Faith    .   c - +0 kite shield
rNeg     + . .     Spirit   .   f - +0 chain mail
rPois    +         Reflect  .   (helmet restricted)
rElec    .         Harm     .   q - +1 cloak {rPois}
rCorr    .         Rampage  .   (no gloves)
MR       .....                  h - +2 pair of boots
Stlth    ..........             (no amulet)
HPRegen  0.20/turn              (no ring)
MPRegen  0.10/turn              r - ring of positive energy

@: lethally poisoned (0 -> -22)
A: retaliatory headbutt, horns 2
a: no special abilities


You were on level 5 of the Dungeon.
You visited 1 branch of the dungeon, and saw 5 of its levels.

You collected 161 gold pieces.

Inventory:

Hand Weapons
 a - a +1 long sword (weapon)
Armour
 b - a +0 scale mail
 c - a +0 kite shield (worn)
 f - a +0 chain mail (worn)
 h - a +2 pair of boots (worn)
 q - a +1 cloak of poison resistance (worn)
Jewellery
 n - an uncursed ring of protection from magic
 p - an uncursed ring of wizardry
 r - a ring of positive energy (right hand)
Scrolls
 d - a scroll of remove curse
 e - a scroll of identify
 i - a scroll of magic mapping
 l - a scroll of fog
 m - 2 scrolls of amnesia
 o - a scroll of blinking
Potions
 k - a potion of cancellation


   Skills:
 + Level 4.9 Fighting
 + Level 6.5 Long Blades
 + Level 5.3 Armour
 + Level 1.4 Dodging
 + Level 0.1 Stealth
 + Level 6.3 Shields


You had 6 spell levels left.
You didn't know any spells.
Your spell library was empty.

Dungeon Overview and Level Annotations

Branches:
Dungeon (5/15)
 Temple: D:4-7

Altars:


Innate Abilities, Weirdness & Mutations

You reflexively headbutt those who attack you in melee.
You have a pair of horns on your head.


Message History

The gnoll is moderately wounded.
* * * LOW HITPOINT WARNING * * *
You feel sick. You block the gnoll's attack. The gnoll hits you with a +0 whip.
* * * LOW HITPOINT WARNING * * *
You block the gnoll's attack. The gnoll hits you with a +0 whip!
* * * LOW HITPOINT WARNING * * *
Okay, then.
* * * LOW HITPOINT WARNING * * *
You feel sick.
The gnoll throws a poisoned dart.
You block the poisoned dart. You block the gnoll's attack.
You see here a poisoned dart.
* * * LOW HITPOINT WARNING * * *
You feel sick.
The gnoll throws a poisoned dart.
The poisoned dart hits you!
You are more poisoned.
There is a stone staircase leading down here.
* * * LOW HITPOINT WARNING * * *
You feel very sick. The gnoll barely misses you. You block the gnoll's attack.
You climb downwards.
You die...

####
#..
#g#
#@#
###


You could see a gnoll.

Vanquished Creatures
  Sigmund (D:2)
  A phantom (D:4)
  An ogre (D:4)
  Blork the orc (D:4)
  A scorpion (D:4)
  Crazy Yiuf (D:2)
  Terence (D:2)
  2 orc wizards (D:4)
  Robin (D:2)
  4 adders
  A gnoll (D:4)
  A howler monkey skeleton (D:4)
  2 worms
  A dart slug (D:2)
  A leopard gecko (D:1)
  3 orcs (D:4)
  A ball python (D:1)
  4 bats
  2 giant cockroaches
  14 goblins
  12 hobgoblins
  8 jackals (D:2)
  7 kobolds
  4 frilled lizards
  11 rats
86 creatures vanquished.

Notes
Turn   | Place    | Note
-------+----------+-------------------------------------------
     0 | D:1      | Peloso the Minotaur Fighter began the quest for the Orb.
     0 | D:1      | Reached XP level 1. HP: 19/19 MP: 0/0
   148 | D:1      | Reached XP level 2. HP: 27/27 MP: 1/1
   901 | D:2      | Noticed Sigmund
  1005 | D:2      | Reached XP level 3. HP: 33/33 MP: 2/2
  1099 | D:2      | Killed Sigmund
  1099 | D:2      | Reached skill level 5 in Shields
  1099 | D:2      | Reached XP level 4. HP: 33/41 MP: 3/3
  1099 | D:2      | Reached XP level 5. HP: 38/47 MP: 4/4
  1237 | D:2      | Noticed Terence
  1247 | D:2      | Killed Terence
  1333 | D:2      | Found a faded altar of an unknown god.
  1358 | D:2      | Noticed Robin
  1371 | D:2      | Killed Robin
  1382 | D:2      | Reached skill level 1 in Dodging
  1571 | D:2      | Found a runed translucent door.
  1572 | D:2      | Noticed Crazy Yiuf
  1871 | D:2      | Reached XP level 6. HP: 47/53 MP: 5/5
  2152 | D:2      | Killed Crazy Yiuf
  2488 | D:3      | Reached skill level 5 in Armour
  2526 | D:3      | You fall into a shaft and drop 1 floor!
  2526 | D:4      | Noticed Blork the orc
  2533 | D:4      | Reached skill level 5 in Long Blades
  2539 | D:4      | Killed Blork the orc
  2605 | D:4      | Reached XP level 7. HP: 21/60 MP: 6/6
  2621 | D:4      | HP: 2/60 [something/puff of flame (4)]
  2630 | D:4      | HP: 2/60 [orc wizard/+0 dagger (2)]
  2954 | D:4      | HP: 3/60 [poisoned by a gnoll]
  2955 | D:4      | HP: 1/60 [poisoned by a gnoll]
  2956 | D:5      | Entered Level 5 of the Dungeon
  2956 | D:5      | Succumbed to a gnoll's poison

Illustrated notes

Levels and vault maps discovered:
D:1:      evilmike_arrival_home_sweet_home, layout_basic
D:2:      layout_basic, chequers_ecumenical_altar_simple, uniq_terence,
          uniq_robin, uniq_crazy_yiuf_cottage, uniq_sigmund
D:3:      layout_rooms, kennysheep_okawaru_gauntlet, lemuel_doored_altar
D:4:      layout_rooms, lemuel_coloured_pillars_altar, uniq_blork_the_orc,
          uniq_duvessa
D:5:      layout_basic, dancing_weapons_uskayaw

Skill      XL: |  1  2  3  4  5  6  7 |
---------------+----------------------+-----
Shields        | 4 5 6 |  6.3
Armour         | 4 5 |  5.3
Fighting       | 4 |  4.9
Long Blades    | 3 4 5 6 |  6.5
Dodging        | 1 |  1.4
Stealth        | |  0.1

Action                   |  1- 3 |  4- 6 |  7- 9 || total
-------------------------+-------+-------+-------++-------
Melee: Long sword        |    80 |   128 |    39 ||   247
       Headbutt          |     6 |    25 |     9 ||    40
  Use: Potion            |     3 |     3 |       ||     6
       Scroll            |     1 |     6 |       ||     7
Armor: Scale mail        |     6 |       |       ||     6
       Chain mail        |    73 |    75 |    39 ||   187
Dodge: Dodged            |    28 |    32 |    15 ||    75
Block: Kite shield       |    60 |    81 |    40 ||   181
       Rpst.: Long sword |     6 |    10 |     2 ||    18

Table legend: (Time is in decaauts)
 A = Elapsed time spent in this place.
 B = Non-inter-level travel time spent in this place.
 C = Inter-level travel time spent in this place.
 D = Time resting spent in this place.
 E = Time spent auto-exploring this place.
 F = Levels seen in this place.
 G = Mean time per level.
                   A        B        C        D        E       F      G
               +--------+--------+--------+--------+--------+-----+--------+
         Total |   3040 |   2887 |    153 |    267 |   1698 |   5 |  608.0 |
       Dungeon |   3040 |   2887 |    153 |    267 |   1698 |   5 |  608.0 |
               +--------+--------+--------+--------+--------+-----+--------+

Top non-repeatable levels by time:
     D:2: 1526 daAuts
     D:1: 816 daAuts
     D:4: 451 daAuts
     D:3: 245 daAuts
